AoeStats
← RaBsarge

Baltic

510314334Analyzed
3v3 RM · 2d ago on Sep 30, 2026· 72m 7s· 6 players
Game mode
Random Map
Map size
Normal (6 player)
Population
200
Speed
Normal
Resources
Standard
Victory
Conquest
Starting age
Dark Age
Ending age
Imperial Age
RankedLock teamsTeams togetherTeam positionsShared explorationLock speedFull tech treeHidden civsTurbo modeCheats
Victory
Defeat
🇦🇺 Japanese · Australia
1000
+26
🇦🇺 Vikings · Australia
648
+21
🇦🇺 Spanish · Australia
641
+21
🇨🇿 Malay · Czechia
806
-18
🇵🇹 Burgundians · Portugal
777
-17
🇮🇳 Lithuanians · India
726
-14
RedReaper1205
6:53 Loom
15:15 Feudal Age
20:32 Wheelbarrow
19:46 Double-Bit Axe
19:53 Horse Collar
24:30 Arson
25:19 Man-at-Arms
28:11 Fletching
28:22 Padded Archer Armor
28:24 Scale Mail Armor
28:35 Forging
28:30 Scale Barding Armor
31:46 Castle Age
30:18 Town Watch
30:48 Gold Mining
34:16 Bloodlines
37:49 Hand Cart
37:42 Squires
37:28 Gambesons
37:50 Long Swordsman
38:43 Husbandry
43:22 Imperial Age
42:18 Yasama
43:02 Crossbowman
45:21 Pikeman
46:03 Bodkin Arrow
46:24 Leather Archer Armor
46:24 Chain Mail Armor
46:45 Iron Casting
46:31 Chain Barding Armor
46:27 Bow Saw
46:38 Fortified Wall
46:30 Guard Tower
49:15 Conscription
49:17 Thumb Ring
52:19 Elite Samurai
53:13 Halberdier
54:58 Keep
54:10 Arrowslits
54:32 Siege Engineers
54:51 Ballistics
55:23 Hoardings
55:10 Kataparuto
54:18 Cavalier
55:06 Bracer
57:11 Gold Shaft Mining
56:44 Heavy Plow
59:15 Masonry
58:47 Treadmill Crane
60:09 Chemistry
59:06 Murder Holes
59:46 Ring Archer Armor
59:47 Plate Mail Armor
60:19 Blast Furnace
60:27 Arbalester
60:29 Elite Skirmisher
60:34 Light Cavalry
63:00 Stone Mining
67:14 Coinage
66:45 Caravan
68:57 Heavy Scorpion
Wolfdreicht
2:07 Loom
13:25 Feudal Age
14:30 Fishing Lines
14:48 Double-Bit Axe
14:46 Horse Collar
18:21 Forging
18:13 Scale Mail Armor
22:03 Castle Age
21:05 Gold Mining
22:42 Arson
23:02 Squires
24:31 Bow Saw
24:24 Heavy Plow
24:17 Stone Mining
26:10 Gillnets
26:33 Medium Warships
27:35 Ballistics
27:06 Heated Shot
27:00 Treadmill Crane
30:43 Town Watch
33:14 Iron Casting
32:54 Chain Mail Armor
33:26 Gold Shaft Mining
37:26 Imperial Age
34:56 Town Patrol
39:23 Murder Holes
39:58 Elite Varangian Guard
42:29 Two-Man Saw
51:22 Chieftains
51:48 Conscription
57:37 Blast Furnace
57:08 Plate Mail Armor
Huilderi
1:39 Loom
13:24 Feudal Age
17:17 Loom
26:03 Wheelbarrow
32:37 Castle Age
32:19 Stone Mining
33:32 Man-at-Arms
34:00 Gambesons
35:58 Long Swordsman
36:41 Scale Mail Armor
36:52 Forging
38:33 Pikeman
44:06 Chain Mail Armor
51:47 Imperial Age
52:36 Iron Casting
51:54 Two-Handed Swordsman
52:56 Champion
56:07 Blast Furnace
57:04 Plate Mail Armor
Conde Montanelas
6:23 Horse Collar
7:26 Loom
9:44 Feudal Age
10:27 Wheelbarrow
9:45 Double-Bit Axe
11:22 Heavy Plow
19:09 Bow Saw
24:31 Castle Age
22:55 Stone Mining
23:08 Gold Mining
24:48 Hand Cart
25:28 Stone Shaft Mining
25:44 Caravan
28:25 Two-Man Saw
31:19 Imperial Age
31:04 Scale Barding Armor
31:10 Forging
33:15 Crop Rotation
33:20 Fortified Wall
33:33 Elite Coustillier
34:44 Medium Warships
33:56 Demolition Ship
36:00 Gold Shaft Mining
36:46 Burgundian Vineyards
40:15 Hoardings
39:14 Flemish Revolution
44:17 Heavy Warships
49:00 Chain Barding Armor
49:16 Iron Casting
49:42 Masonry
54:54 Plate Barding Armor
55:20 Blast Furnace
56:15 Architecture
56:06 Ballistics
56:46 Chemistry
56:10 Squires
55:30 Pikeman
55:56 Arson
55:34 Man-at-Arms
57:19 Elite Skirmisher
58:00 Sappers
62:15 Murder Holes
62:01 Treadmill Crane
62:12 Guard Tower
62:43 Bombard Tower
63:50 Halberdier
67:24 Light Cavalry
68:04 Husbandry
RaBsarge
11:11 Feudal Age
11:00 Loom
11:33 Double-Bit Axe
16:56 Scale Barding Armor
22:04 Castle Age
22:20 Horse Collar
23:41 Fletching
24:03 Forging
23:54 Padded Archer Armor
24:57 Wheelbarrow
29:56 Hand Cart
34:22 Imperial Age
33:31 Husbandry
34:10 Cavalier
37:50 Murder Holes
38:16 Ballistics
42:57 Heavy Plow
44:45 Iron Casting
bela29318
9:12 Loom
10:59 Feudal Age
Connection lost

Rejoining the realm…

Still unreachable

The connection could not be restored.

Session expired

The server has moved on; the page needs a fresh start.